 Dungeon Crawl Stone Soup version 0.31-a0-188-g5e087ee2ca (webtiles) character file.

Game seed: 2509489328557687338

4 kae the Ruffian (level 1, 0/16 HPs)
             Began as a Draconian Transmuter on June 23, 2023.
             Slain by a jackal (1 damage)
             ... on level 1 of the Dungeon.
             The game lasted 00:00:14 (26 turns).

kae the Ruffian (Draconian Transmuter)                Turns: 26, Time: 00:00:15

Health: 0/16       AC:  4    Str: 12    XL:     1   Next: 58%
Magic:  1/3        EV: 12    Int: 13    God:
Gold:   0          SH:  0    Dex: 11    Spells: 3/4 levels left

rFire   . .          .
                       - Unarmed
rCold   . . .        (no shield)
rNeg    . . .        (body armour unavailable)
rPois   .            (helmet currently unavailable)
rElec   .            (no cloak)
rCorr   .            (no gloves)
SInv    .            (boots currently unavailable)
Will    .....        (no amulet)
Stlth   +            (no ring)
HPRegen 0.22/turn    (no ring)
MPRegen 0.08/turn

%: no passive effects
@: appendages
A: horns 2, talons 2, AC +4, unfitting armour, cold-blooded
a: End Transformation


You were on level 1 of the Dungeon.
You had temporarily grown beastly horns and talons.
You visited 1 branch of the dungeon, and saw 1 of its levels.


Innate Abilities, Weirdness & Mutations

You have temporarily grown beastly horns and talons.
Your plain brown scales are hard. (AC +4)
You cannot fit into any form of body armour.
You are cold-blooded and may be slowed by cold attacks.


   Skills:
 - Level 1.1 Fighting
 - Level 1.7 Dodging
 + Level 3.0 Unarmed Combat
 + Level 2.1 Spellcasting
 * Level 2.2 Transmutations


You had 3 spell levels left.
You knew the following spells:

 Your Spells              Type           Power      Damage    Failure   Level
a - Beastly Appendage     Tmut           14%        N/A       10%         1

Your spell library contained the following spells:

 Spells                   Type           Power      Damage    Failure   Level
 Wereblood                Tmut           7%         N/A       16%         2
 Spider Form              Tmut/Pois      4%         N/A       43%         3
 Ice Form                 Ice/Tmut       4%         N/A       85%         4

Inventory:

Potions
 a - a potion of lignification {!q}

Dungeon Overview and Level Annotations

Branches:
Dungeon (1/15) Zot: 5973

Altars:

..#.#.#..#...#
...)#...#.#..####
........#...#.....
....#####.....#####
.....#...........#.
......#....<....#..
......#.........#..
.....#...........#.
#.#####@h...#####
#.....†#h..#.....
###....b#.#...###
#...(....#..###
....#...........
...#.............
.....####.####.##
...# ... .# .#..
#..


You could see 2 jackals and a bat.


Message History

A ball python is nearby!
A ball python is nearby!
Casting: Beastly Appendage (safe; 11% risk of failure)
Confirm with . or Enter, or press ? or * to list all spells.
You miscast Beastly Appendage.
You are very lightly contaminated with residual magic.
Nothing appears to happen.
The ball python hisses angrily.
You hear a bark! 😎 MP[-1]
You lost 1 mp, and now have 2/3 mp.
Casting: Beastly Appendage (safe; 11% risk of failure)
Confirm with . or Enter, or press ? or * to list all spells.
You grow a pair of large bovine horns.
Your feet morph into talons. 😎 MP[-1]
You lost 1 mp, and now have 1/3 mp. 2 jackals come into view.
The jackal barks! x2
A jackal comes into view.
The ball python misses you. The ball python grabs you.
The ball python constricts you.
The jackal barks!
You hit the ball python.
You kill the ball python! 😕 HP[-1]
You take 1 damage, and now have 15/16 hp. 😎 HP[+1]
Your hp is fully restored (16).
Your magical contamination has completely faded away.
Okay, then.
Your transformation is almost over.
A jackal comes into view.
The jackal barks!
You closely miss the jackal. Your kick misses the jackal. The jackal bites you.
You hit the jackal. Your kick misses the jackal.
The jackal completely misses you. 😕 HP[-2]
You take 2 damage, and now have 14/16 hp.
You barely miss the jackal. You claw the jackal.
Your headbutt misses the jackal.
Your tail-slap misses the jackal.
A quokka comes into view.
The jackal misses you.
You closely miss the jackal. You claw the jackal.
You kill the jackal!
The jackal closely misses you. The jackal misses you.
The jackal closely misses you.
You hit the jackal. Your headbutt misses the jackal.
The jackal barely misses you. The jackal misses you.
The jackal bites you but does no damage. 😕 MP[+1]
You barely miss the jackal. The jackal bites you.
The jackal closely misses you.
The jackal bites you but does no damage.
A bat comes into view.
You hit the jackal.
You kill the jackal!
Your horns disappear.
Your talons disappear.
The jackal completely misses you. The jackal misses you.
The jackal bites you but does no damage.
Unknown command.
Casting: Beastly Appendage (safe; 11% risk of failure)
Confirm with . or Enter, or press ? or * to list all spells.
You grow a pair of large bovine horns.
Your feet morph into talons.
The jackal bites you. The jackal misses you. The jackal barely misses you.
The jackal bites you but does no damage.
The jackal barely misses you.
The quokka closely misses you. 😕 HP[-1] MP[-1]
You take 1 damage, and now have 13/16 hp.
You lost 1 mp, and now have 1/3 mp.
You closely miss the quokka. The jackal barely misses you.
The jackal closely misses you. The quokka bites you.
The jackal bites you but does no damage.
You are too injured to fight recklessly! 😮 HP[-4]
You take 4 damage, and now have 9/16 hp.
MASSIVE DAMAGE!! (PAUSE)
You hit the quokka but do no damage. Your kick misses the quokka.
You tail-slap the quokka. The jackal bites you.
The quokka bites you but does no damage.
The jackal barely misses you. The jackal closely misses you.
Unknown command.
You closely miss the quokka. You claw the quokka, but do no damage.
You headbutt the quokka, but do no damage.
The quokka barely misses you. The jackal closely misses you.
The jackal bites you.
* * * LOW HITPOINT WARNING * * *
The quokka bites you.
* * * LOW HITPOINT WARNING * * *
😱 HP[-6]
You take 6 damage, and now have 3/16 hp.
MASSIVE DAMAGE!! (PAUSE)
You hit the quokka.
You kill the quokka!
The jackal barely misses you.
The jackal bites you but does no damage.
The jackal barely misses you.
You barely miss the jackal. Your kick misses the jackal. The jackal bites you.
* * * LOW HITPOINT WARNING * * *
The jackal bites you.
You die...

Action                     || total
---------------------------++-------
  Melee: Unarmed           ||    13
         Kick              ||     3
         Headbutt          ||     1
         Tailslap          ||     1
   Cast: Beastly Appendage ||     2
 Armour: Skin              ||     7
  Dodge: Dodged            ||    23

Levels and vault maps discovered:
D:1:      scummos_arrival_star, layout_rooms

Notes
Turn   | Place    | Note
-------+----------+-------------------------------------------
     0 | D:1      | kae the Draconian Transmuter began the quest for the Orb.
     0 | D:1      | Reached XP level 1. HP: 16/16 MP: 3/3
     0 | D:1      | magus.rc [v1.11.3]
    24 | D:1      | HP: 3/16 [quokka (4)]
    26 | D:1      | HP: 1/16 [jackal (2)]
    26 | D:1      | Slain by a jackal

Vanquished Creatures
  2 jackals (D:1)
  A quokka (D:1)
  A ball python (D:1)
4 creatures vanquished.

Table legend:
 A = Non-vault XP
 B = Vault XP
 C = Vault XP percentage of total XP
 D = Non-vault monster count
 E = Vault monster count
 F = Vault count percentage of total count
                 A         B        C        D         E       F
            +---------+---------+-------+---------+---------+-------
      Total |       7 |       0 |   0.0 |       4 |       0 |   0.0
            +---------+---------+-------+---------+---------+-------
        D:1 |       7 |       0 |   0.0 |       4 |       0 |   0.0
            +---------+---------+-------+---------+---------+-------

Action                     || total
---------------------------++-------
  Melee: Unarmed           ||    13
         Kick              ||     3
         Headbutt          ||     1
         Tailslap          ||     1
   Cast: Beastly Appendage ||     2
 Armour: Skin              ||     7
  Dodge: Dodged            ||    23

Illustrated notes

Table legend:
 A = Kills in this place as a percentage of kills in the entire game.
 B = Kills by you in this place as a percentage of kills by you in the entire game.
 C = Kills by friends in this place as a percentage of kills by friends in the entire game.
 D = Other kills in this place as a percentage of other kills in the entire game.
 E = Experience gained in this place as a percentage of experience gained in the entire game.
 F = Experience gained in this place divided by the number of levels of this place that you have seen.
                   A       B       C       D       E      F
               +-------+-------+-------+-------+-------+----------------------
         Total | 100.0 | 100.0 |   N/A |   N/A | 100.0 |   7.0
       Dungeon | 100.0 | 100.0 |   N/A |   N/A | 100.0 |   7.0
               +-------+-------+-------+-------+-------+----------------------

Table legend: (Time is in decaauts)
 A = Elapsed time spent in this place.
 B = Non-inter-level travel time spent in this place.
 C = Inter-level travel time spent in this place.
 D = Time resting spent in this place.
 E = Time spent auto-exploring this place.
 F = Levels seen in this place.
 G = Mean time per level.
                   A        B        C        D        E       F      G
               +--------+--------+--------+--------+--------+-----+--------+
         Total |     25 |     25 |      0 |      0 |      2 |   1 |   25.0 |
       Dungeon |     25 |     25 |      0 |      0 |      2 |   1 |   25.0 |
               +--------+--------+--------+--------+--------+-----+--------+

Top non-repeatable levels by time:
     D:1: 25 daAuts
